 Dungeon Crawl Stone Soup version bcrawl-1.12-8-g964540c432 (webtiles) character file.

Game seed: 13886568235993649279

186 Hercules1031 the Magician (level 5, 0/41 HPs)
             Began as an Oni Fire Elementalist on June 8, 2019.
             Killed from afar by an orc wizard (7 damage)
             ... with a magic dart
             ... on level 4 of the Dungeon.
             The game lasted 00:11:18 (3282 turns).

Hercules1031 the Magician (Oni Fire Elementalist)   Turns: 3282, Time: 00:11:19

Health: 0/41       AC:  3    Str: 11    XL:     5   Next: 65%
Magic:  10/11      EV: 12    Int: 18    God:
Gold:   345        SH:  0    Dex: 11    Spells: 7/9 levels left

rFire    . . .     SeeInvis +   b - +2 whip (venom)
rCold    . . .     Gourm    .   (no shield)
rNeg     . . .     Faith    .   g - +0 leather armour
rPois    .         Spirit   .   (helmet restricted)
rElec    .         Reflect  .   (no cloak)
rCorr    .         Harm     .   (no gloves)
MR       .....                  (no boots)
Stlth    +.........             (no amulet)
HPRegen  0.13/turn              e - ring of see invisible
MPRegen  0.12/turn              (no ring)

@: no status effects
A: oni magic, claws 1, fangs 1, horns 1
a: no special abilities


You were on level 4 of the Dungeon.
You were not hungry.

You visited 1 branch of the dungeon, and saw 4 of its levels.

You collected 345 gold pieces.

Inventory:

Hand Weapons
 b - a +2 whip of venom (weapon)
Armour
 a - a +0 animal skin
 g - a +0 leather armour (worn)
 m - a +0 ring mail
 q - a -1 pair of gloves
Jewellery
 e - a ring of see invisible (left claw)
 o - a cursed ring of teleportation
Wands
 n - a wand of random effects (10)
Scrolls
 d - 2 scrolls of remove curse
 f - a scroll of magic mapping
 i - 6 scrolls of identify
 p - a scroll of teleportation
Potions
 c - a potion of agility {unknown}
 h - a potion of magic {unknown}
 j - a potion of curing
 k - 2 potions of mutation {unknown}
Comestibles
 l - a ration {!d}


   Skills:
 + Level 2.2 Fighting
 + Level 1.9 Maces & Flails
 + Level 2.7 Dodging
 - Level 1.7 Stealth
 * Level 2.7 Spellcasting


You had 7 spell levels left.
You knew the following spells:

 Your Spells              Type           Power        Failure   Level  Hunger
a - Flame Tongue          Conj/Fire      ##...        7%          1    #......
b - Sting                 Conj/Pois      ##..         7%          1    #......

Your spell library contained the following spells:

 Spells                   Type           Power        Failure   Level  Hunger
 Throw Frost              Conj/Ice       ##....       11%         2    ##.....
 Conjure Flame            Conj/Fire      ##......     22%         3    ###....
 Inner Flame              Hex/Fire       N/A          22%         3    ###....
 Sticky Flame             Conj/Fire      ##......     56%         4    #####..
 Fireball                 Conj/Fire      ##........   89%         5    ######.


Dungeon Overview and Level Annotations

Branches:
Dungeon (4/12)
 Temple: D:4-7

Altars:
Fedhas
Xom
The Shining One


Innate Abilities, Weirdness & Mutations

You learn spells by gaining experience, not through books or religion.
You only train spellcasting to practice magic.
You have sharp fingernails.
You have very sharp teeth.
You have a pair of small horns on your head.


Message History

* * * LOW HITPOINT WARNING * * *
Things that are here:
a +0 dagger; a +0 robe; an orc corpse Unknown command.
It was a potion of curing.
You feel better.
The orc wizard hits you with a +0 dagger.
* * * LOW HITPOINT WARNING * * *
You hit the orc wizard but do no damage.
The orc wizard is poisoned.
The orc wizard miscasts a cantrip.
The orc wizard barely misses you.
You hit the orc wizard.
The orc wizard looks as sick as possible!
The orc wizard is severely wounded.
The orc wizard closely misses you.
You closely miss the orc wizard.
The orc wizard is severely wounded.
The orc wizard points at you and mumbles some strange words.
The magic dart hits you!
You die...

#########
#@o).....
#.#######
#####.#######
#....)......#
###
#.###.#####.#
## ##.#####.#
#># .#
#........#
#.# .#
##.####..#
#.# .# #.#
#..# #..


You could see an orc wizard.

Vanquished Creatures
  A bullfrog skeleton (D:2)
  An orc wizard (D:4)
  3 adders
  2 oozes
  4 worms
  A dart slug (D:1)
  4 leopard geckos
  5 orcs
  5 bats
  3 giant cockroaches
  3 goblins
  10 hobgoblins
  8 jackals
  7 kobolds
  A quokka (D:3)
  2 ball pythons
  3 frilled lizards (D:3)
  5 rats
68 creatures vanquished.

Notes
Turn   | Place    | Note
-------+----------+-------------------------------------------
     0 | D:1      | Hercules1031 the Oni Fire Elementalist began the quest for
                  | the Orb.
     0 | D:1      | Reached XP level 1. HP: 14/14 MP: 4/4
    70 | D:1      | Reached XP level 2. HP: 6/22 MP: 0/6
    73 | D:1      | Learned a level 1 spell: Sting
   697 | D:1      | Reached skill level 1 in Fighting
   697 | D:1      | Reached XP level 3. HP: 19/28 MP: 4/7
  1205 | D:2      | Reached skill level 1 in Maces & Flails
  1205 | D:2      | Reached XP level 4. HP: 6/35 MP: 5/9
  2536 | D:3      | Found a glowing golden altar of the Shining One.
  2555 | D:3      | Found a glowing drain.
  2557 | D:3      | Reached XP level 5. HP: 31/41 MP: 7/10
  2619 | D:3      | Found a shimmering altar of Xom.
  2627 | D:3      | Found a shimmering altar of Xom.
  2629 | D:3      | Found a shimmering altar of Xom.
  3146 | D:4      | Found a blossoming altar of Fedhas.
  3278 | D:4      | HP: 1/41 [orc wizard/+0 dagger (4)]
  3282 | D:4      | Killed from afar by an orc wizard

Skill      XL: |  1  2  3  4  5 |
---------------+----------------+-----
Dodging        | 2 |  2.7
Fighting       | 1 2 |  2.2
Spellcasting   | 2 |  2.7
Maces & Flails | 1 |  1.9
Stealth        | |  1.7

Action                   |  1- 3 |  4- 6 || total
-------------------------+-------+-------++-------
Melee: Unarmed           |    13 |       ||    13
       Headbutt          |     7 |     8 ||    15
       Whip              |    37 |    53 ||    90
       Bite              |     2 |     5 ||     7
 Cast: Flame Tongue      |     7 |       ||     7
       Sting             |    40 |    68 ||   108
  Use: Scroll            |       |     8 ||     8
       Potion            |       |     1 ||     1
  Eat: Chunk             |     2 |     1 ||     3
       Ration            |       |     2 ||     2
Armor: Animal skin       |     9 |       ||     9
       Leather armour    |     2 |    13 ||    15
Dodge: Dodged            |    36 |    31 ||    67
